 Dungeon Crawl Stone Soup version 0.29.1-12-g30fa7ad0bf (webtiles) character file.

Game seed: 9547240606810110853

29 ChadusMaximus the Shield-Bearer (level 3, 36/36 HPs)
             Began as a Troll Fighter on Dec 19, 2022.
             Got out of the dungeon alive.
             The game lasted 00:01:50 (726 turns).

ChadusMaximus the Shield-Bearer (Troll Fighter)      Turns: 726, Time: 00:01:51

Health: 36/36      AC:  4    Str: 26    XL:     3   Next: 1%
Magic:  2/2        EV:  8    Int:  4    God:
Gold:   62         SH:  7    Dex:  9    Spells: 2/2 levels left

rFire   . . .      SeeInvis .     - Unarmed
rCold   . . .      Faith    .   b - +0 kite shield
rNeg    . . .      Spirit   .   a - +0 robe
rPois   .          Reflect  .   (helmet restricted)
rElec   .          Harm     .   (no cloak)
rCorr   .          Rampage  .   (gloves unavailable)
Will    .....                   (boots unavailable)
Stlth   +.........              (no amulet)
HPRegen 0.92/turn               (no ring)
MPRegen 0.08/turn               (no ring)

@: no status effects
A: large, unfitting armour, claws 3, regeneration 1, shaggy fur 1, tough skin 1
a: no special abilities


You escaped.
You visited 1 branch of the dungeon, and saw 2 of its levels.

You collected 62 gold pieces.

Inventory:

Armour
 a - a +0 robe (worn)
 b - a +0 kite shield (worn)
Jewellery
 h - a ring of flight
Scrolls
 e - a scroll of amnesia {unknown}
 f - 2 scrolls of immolation {unknown}
 j - a scroll of identify {unknown}
Potions
 c - a potion of might
 d - a potion of brilliance {unknown}
 g - a potion of curing {unknown}
 i - a potion of invisibility {unknown}


   Skills:
 + Level 2.7 Fighting
 - Level 2.4 Dodging
 + Level 3.0 Shields
 * Level 2.8 Unarmed Combat


You had 2 spell levels left.
You didn't know any spells.
Your spell library contained the following spells:

 Spells                   Type           Power      Damage    Failure   Level
 Portal Projectile        Hex/Tloc       0%         N/A       99%         3
 Tukima's Dance           Hex            0%         N/A       99%         3
 Blade Hands              Tmut           0%         N/A       100%        5


Dungeon Overview and Level Annotations

Branches:
Dungeon (2/15)

Altars:


Innate Abilities, Weirdness & Mutations

You are too large for most types of armour.
You have claws for hands.
Your natural rate of healing is unusually fast.
You are covered in fur. (AC +1)
You have tough skin. (AC +1)


Message History

There are monsters nearby!
The ball python hisses angrily.
The rat bites you but does no damage.
There are monsters nearby!
You scratch the rat.
You kill the rat!
You have reached level 3!
Your experience leads to an increase in your attributes!
Increase (S)trength, (I)ntelligence, or (D)exterity?
Welcome back, ChadusMaximus the Troll Fighter.
Press ? for a list of commands and other information.
You have reached level 3!
Your experience leads to an increase in your attributes!
Increase (S)trength, (I)ntelligence, or (D)exterity?
You feel stronger. x3
The ball python bites you but does no damage.
You completely miss the ball python.
The ball python bites you but does no damage.
The ball python closely misses you.
You scratch the ball python.
You kill the ball python!
You see here a ball python corpse.
There is a stone staircase leading up here.
You climb upwards.
There is a stone staircase leading down here.
You enter the shallow water.
Moving in this stuff is going to be slow.
You enter the shallow water.
Moving in this stuff is going to be slow.
You enter the shallow water.
Moving in this stuff is going to be slow.
You enter the shallow water.
Moving in this stuff is going to be slow.
You enter the shallow water.
Moving in this stuff is going to be slow.
There is a staircase leading out of the dungeon here.
Are you sure you want to leave the Dungeon?
This will make you lose the game! [Y]es or [N]o only, please.
Are you sure you want to leave the Dungeon?
This will make you lose the game!
You have escaped!

......~.#.#.###.~~~~.# #.##.
......~.#.#.#...~.^. #..#.
......~.#.#.#.~~~.######## #...
#+####~.#.#...~........... ##..
#~...#.~~~.~~~~~.### #.....
#~~~.#.~...~...~...# ..###.
#...#.~.#.~.~~~.~.~~~.#### #.
#...#.~...~.....~...~...# ##
#...#.~~~.~~~.@.~~~.~~~.#######
#...#...~...~.....~...~.#......
#.. ###.~~~.~.~~~.~.#.~.#......
#...~...~...~.#.~~~......
#.###.~~~~~.~~~.#...~......
#...........~...#.#.~......
#########.~~~.#.#.#.~###...
#.........~...#.#.#.~###...
######.~~~~.###.#.#.~#.....


There were no monsters in sight!

Vanquished Creatures
  An adder (D:2)
  2 endoplasms
  2 giant cockroaches
  2 goblins (D:1)
  2 hobgoblins
  3 ball pythons
  2 bats
  A frilled lizard (D:1)
  3 kobolds
  2 rats
20 creatures vanquished.

Notes
Turn   | Place    | Note
-------+----------+-------------------------------------------
     0 | D:1      | ChadusMaximus the Troll Fighter began the quest for the
                  | Orb.
     0 | D:1      | Reached XP level 1. HP: 22/22 MP: 0/0
   242 | D:1      | Found a faded altar of an unknown god.
   271 | D:1      | Reached XP level 2. HP: 29/29 MP: 1/1
   518 | D:1      | You fall into a shaft and drop 1 floor!
   594 | D:2      | Reached skill level 3 in Shields
   653 | D:2      | Reached XP level 3. HP: 36/36 MP: 2/2
   726 | D:$      | Got out of the dungeon alive.

Illustrated notes

Levels and vault maps discovered:
D:1:      psy_arrival_radial02, layout_basic,
          dreamdust_ecumenical_altar_hidden_monk_grotto, grunt_decor_one_mirror,
          chequers_serial_rivers_micro_b
D:2:      layout_rooms, serial_bayou_crossing

Skill      XL: |  1  2 |
---------------+-------+-----
Shields        | 3 |  3.0
Fighting       | |  2.7
Dodging        | |  2.4
Unarmed Combat | |  2.8

Action                   || total
-------------------------++-------
Melee: Unarmed           ||    45
Armor: Robe              ||    16
Dodge: Dodged            ||    12
Block: Kite shield       ||    15
